 Dungeon Crawl Stone Soup version 0.26.1-11-gd32895ea62 (webtiles) character file.

Game seed: 7360350481297306154

487 nothank2 the Slasher (level 6, -1/47 HPs)
             Began as a Demonspawn Gladiator on June 22, 2021.
             Was a Follower of Wu Jian.
             Slain by an unseen horror (5 damage)
             ... on level 5 of the Dungeon.
             The game lasted 00:11:50 (6306 turns).

nothank2 the Slasher (Demonspawn Gladiator)         Turns: 6306, Time: 00:11:50

Health: -1/47      AC: 11    Str: 15 (16) XL:     6   Next: 89%
Magic:  6/6        EV:  5    Int:  8 (9)  God:    Wu Jian [*.....]
Gold:   265        SH:  0    Dex: 15      Spells: 5/5 levels left

rFire    + . .     SeeInvis .   q - +0 spear (venom)
rCold    . . .     Faith    .   (no shield)
rNeg     . . .     Spirit   .   i - +0 plate armour
rPois    .         Reflect  .   (helmet restricted)
rElec    .         Harm     .   (no cloak)
rCorr    .         Rampage  .   (no gloves)
Will     .....                  (no boots)
Stlth    ..........             (no amulet)
HPRegen  0.15/turn              l - ring of fire
MPRegen  0.10/turn              (no ring)

@: no status effects
A: antennae 2, cold resistance 1
a: Renounce Religion


You were on level 5 of the Dungeon.
You worshipped Wu Jian.
Wu Jian was aware of your devotion.
You visited 1 branch of the dungeon, and saw 5 of its levels.

You collected 265 gold pieces.

Inventory:

Hand Weapons
 a - a +0 long sword
 o - a +2 whip of pain
 q - a +0 spear of venom (weapon)
Missiles
 d - 2 throwing nets
 n - 4 datura-tipped darts (quivered)
Armour
 b - a +0 leather armour
 c - a +0 helmet
 i - a +0 plate armour (worn)
 j - a +3 leather armour
Jewellery
 l - a ring of fire (left hand)
Wands
 s - a wand of paralysis (17)
 v - a wand of enslavement (7)
Scrolls
 f - 6 scrolls of teleportation {unknown}
 g - 4 scrolls of identify {unknown}
 h - a scroll of fog {unknown}
 m - 2 scrolls of blinking {unknown}
 r - a scroll of remove curse {unknown}
 t - 2 scrolls of enchant armour {unknown}
 u - 3 scrolls of holy word {unknown}
Potions
 e - a potion of flight
 k - a potion of cancellation
 p - 3 potions of curing


   Skills:
 + Level 3.1 Fighting
 - Level 3.8 Long Blades
 * Level 3.6 Maces & Flails
 - Level 1.7 Throwing
 + Level 3.0 Armour
 - Level 3.5 Dodging


You had 5 spell levels left.
You didn't know any spells.
Your spell library was empty.

Dungeon Overview and Level Annotations

Branches:
Dungeon (5/15)
 Temple: D:4-7

Altars:
Wu Jian
Yredelemnul
The Shining One

Annotations:
D:3 3 runed translucent doors, oc3rt's ghost, amateur KoHu


Innate Abilities, Weirdness & Mutations

You have a pair of antennae on your head.
Your flesh is cold resistant. (rC+)


Message History

Something hits you but does no damage.
You closely miss something. Something hits you but does no damage.
Something hits you.
You miss something. Something hits you! Something hits you.
Something hits you but does no damage.
You miss something. Something hits you!
* * * LOW HITPOINT WARNING * * *
Something hits you.
* * * LOW HITPOINT WARNING * * *
You hit something but do no damage.
Something hits you but does no damage. x2
You miss something.
Something hits you but does no damage. x2
You hit something. Something hits you but does no damage.
You barely miss something. Something hits you.
* * * LOW HITPOINT WARNING * * *
Something hits you but does no damage. Something hits you but does no damage.
Something hits you but does no damage. Something hits you but does no damage.
Something hits you.
You die...

#####.#
#.###..########..###
#.....#
#..#................
#.#####
##.)..##............
#.#
##.#.##.###########
#.# #.#.##.# #.#
#.#.##.#
..###.#######
#.#.##.#
............#
#.#.##.#
.####.#####.#
#@#.##.# #.....# #.#
#{#.##.#
#.#.#(###.####.#.##.#
#).).............#
#.#.#.###.#####.##
.......# #.# #.#
.##.#.### #.# ###
###.# ### #. {


There were no monsters in sight!

Vanquished Creatures
  Grinder (D:4)
  A scorpion (D:2)
  A bullfrog skeleton (D:4)
  A hound (D:4)
  Ijyb (D:4)
  An orc wizard (D:4)
  2 worker ants
  2 adders
  A gnoll (D:1)
  An ooze (D:2)
  An adder skeleton (D:4)
  A worm (D:2)
  2 dart slugs
  2 leopard geckos (D:2)
  11 orcs
  3 bats
  4 giant cockroaches
  4 goblins (D:3)
  6 hobgoblins
  5 jackals
  4 ball pythons
  8 frilled lizards
  3 kobolds
  A quokka skeleton (D:4)
  3 rats
70 creatures vanquished.

Vanquished Creatures (others)
  2 fungi (D:3)
  2 plants (D:3)
4 creatures vanquished.

Grand Total: 74 creatures vanquished

Notes
Turn   | Place    | Note
-------+----------+-------------------------------------------
     0 | D:1      | nothank2 the Demonspawn Gladiator began the quest for the
                  | Orb.
     0 | D:1      | Reached XP level 1. HP: 16/16 MP: 1/1
    31 | D:1      | Gained mutation: You have a pair of small antennae on your
                  | head. [demonic ancestry]
    31 | D:1      | Reached XP level 2. HP: 22/22 MP: 2/2
   580 | D:1      | You fall into a shaft and drop 1 floor!
   704 | D:2      | Gained mutation: You have a pair of antennae on your head.
                  | [demonic ancestry]
   704 | D:2      | Reached XP level 3. HP: 22/27 MP: 3/3
  1455 | D:2      | Noticed a scorpion
  1469 | D:2      | Killed a scorpion
  1470 | D:2      | Reached skill level 1 in Armour
  1470 | D:2      | Reached XP level 4. HP: 20/34 MP: 4/4
  1751 | D:2      | Found a basalt altar of Yredelemnul.
  1753 | D:2      | Noticed a profane servitor
  1767 | D:2      | Found a glowing golden altar of the Shining One.
  1769 | D:2      | Noticed an angel
  2484 | D:3      | Found a runed translucent gate.
  2485 | D:3      | Found a runed translucent gate.
  2485 | D:3      | Noticed oc3rt's ghost (amateur KoHu)
  2488 | D:3      | Found a runed translucent gate.
  2539 | D:3      | Found a faded altar of an unknown god.
  2782 | D:3      | Became a worshipper of the Wu Jian Council
  2782 | D:3      | Reached * piety under Wu Jian
  3377 | D:4      | Reached XP level 5. HP: 39/39 MP: 5/5
  3465 | D:4      | Reached skill level 1 in Maces & Flails
  4499 | D:4      | Noticed Ijyb
  4505 | D:4      | Noticed Grinder
  4524 | D:4      | Killed Ijyb
  4525 | D:4      | Gained mutation: Your flesh is cold resistant. (rC+)
                  | [demonic ancestry]
  4525 | D:4      | Reached XP level 6. HP: 37/46 MP: 6/6
  4726 | D:4      | Paralysed by Grinder for 4 turns
  5352 | D:4      | Paralysed by Grinder for 3 turns
  5375 | D:4      | Killed Grinder
  5904 | D:5      | Entered Level 5 of the Dungeon
  6306 | D:5      | Slain by an unseen horror

Illustrated notes

Levels and vault maps discovered:
D:1:      psy_arrival_basics, layout_loops_ring
D:2:      layout_loops_cross, grunt_temple_overflow_holy_war,
          hangedman_abyss_or_decor_lesser_grid
D:3:      layout_basic, gammafunk_ghost_nasty_kobolds,
          chequers_ecumenical_altar_island, palyth_stone_intersect
D:4:      layout_gridville, minivault_5, hangedman_decor_slide_cut,
          kennysheep_cluttered_room, uniq_grinder, uniq_ijyb
D:5:      minmay_bubble_buster, layout_loops_ring

Skill      XL: |  1  2  3  4  5  6 |
---------------+-------------------+-----
Long Blades    | 3 |  3.8
Dodging        | 3 |  3.5
Armour         | 1 2 3 |  3.0
Maces & Flails | 2 3 |  3.6
Fighting       | 3 |  3.1
Throwing       | |  1.7

Action                   |  1- 3 |  4- 6 || total
-------------------------+-------+-------++-------
Melee: Long sword        |    85 |    28 ||   113
       Whip              |       |   263 ||   263
       Spear             |       |    10 ||    10
Throw: Dart              |       |     5 ||     5
       Throwing net      |       |     4 ||     4
Invok: Lunge             |       |     7 ||     7
       Whirlwind         |       |     1 ||     1
  Use: Potion            |       |     5 ||     5
Armor: Plate armour      |    69 |   199 ||   268
Dodge: Dodged            |    32 |    63 ||    95
       Rpst.: Long sword |     7 |     1 ||     8
